AoeStats
← fran.federico8

Lombardia

510017199Analyzed
2v2 RM · 5d ago on Sep 29, 2026· 25m 36s· 4 players
Game mode
Random Map
Map size
Medium (4 player)
Population
200
Speed
Normal
Resources
Standard
Victory
Conquest
Starting age
Dark Age
Ending age
Imperial Age
RankedLock teamsTeams togetherTeam positionsShared explorationLock speedFull tech treeHidden civsTurbo modeCheats
Victory
Defeat
🇦🇷 Khmer · Argentina
1135
+15
🇦🇷 Franks · Argentina
1099
+16
🇦🇷 Malay · Argentina
1115
-16
🇦🇷 Persians · Argentina
1103
-15
Lala.dev
3:31 Loom
9:52 Feudal Age
10:58 Man-at-Arms
13:05 Horse Collar
25:37 Castle Age
Downk
2:59 Loom
18:51 Feudal Age
Deilos
6:44 Loom
9:19 Feudal Age
10:23 Double-Bit Axe
10:26 Horse Collar
12:49 Scale Barding Armor
13:53 Forging
18:02 Bloodlines
23:08 Castle Age
23:15 Gold Mining
24:16 Husbandry
24:42 Chain Barding Armor
24:39 Heavy Plow
24:58 Bow Saw
fran.federico8
8:07 Loom
10:32 Feudal Age
12:14 Double-Bit Axe
18:44 Fletching
Connection lost

Rejoining the realm…

Still unreachable

The connection could not be restored.

Session expired

The server has moved on; the page needs a fresh start.